 Dungeon Crawl Stone Soup version 0.28-b1-25-g9875b3fc8c (webtiles) character file.

Game seed: 16400485789302798886

35 Lathuz the Shield-Bearer (level 3, -1/24 HPs)
             Began as a Gargoyle Fighter on Feb 4, 2022.
             Killed from afar by Sigmund (8 damage)
             ... with a magic dart
             ... on level 2 of the Dungeon.
             The game lasted 00:07:12 (1632 turns).

Lathuz the Shield-Bearer (Gargoyle Fighter)         Turns: 1632, Time: 00:07:12

Health: -1/24      AC: 10    Str: 21    XL:     3   Next: 33%
Magic:  3/3        EV:  9    Int:  8    God:
Gold:   37         SH:  4    Dex:  9    Spells: 2/2 levels left

rFire   . . .      SeeInvis .   a - +0 flail
rCold   . . .      Faith    .   c - +0 buckler
rNeg    + . .      Spirit   .   b - +0 scale mail
rPois   ∞          Reflect  .   (no helmet)
rElec   +          Harm     .   (no cloak)
rCorr   .          Rampage  .   (no gloves)
Will    .....                   (no boots)
Stlth   ..........              (no amulet)
HPRegen 0.08/turn               (no ring)
MPRegen 0.08/turn               (no ring)

@: no status effects
A: sickness immunity, AC +3, negative energy resistance 1, electricity
resistance, torment resistance 1, petrification resistance
a: no special abilities


You were on level 2 of the Dungeon.
You visited 1 branch of the dungeon, and saw 2 of its levels.

You collected 37 gold pieces.

Inventory:

Hand Weapons
 a - a +0 flail (weapon)
Missiles
 s - 9 stones (quivered)
Armour
 b - a +0 scale mail (worn)
 c - a +0 buckler (worn)
Scrolls
 d - 2 scrolls of identify {unknown}
 e - a scroll of enchant weapon {unknown}
Potions
 f - a potion of haste {unknown}
 g - a potion of curing {unknown}
 h - a potion of heal wounds {unknown}
 i - a potion of resistance {unknown}
 M - 2 potions of might


   Skills:
 + Level 3.6 Fighting
 * Level 2.7 Maces & Flails
 + Level 3.6 Armour
 + Level 3.6 Shields


You had 2 spell levels left.
You didn't know any spells.
Your spell library was empty.

Dungeon Overview and Level Annotations

Branches:
Dungeon (2/15)

Altars:
Kikubaaqudgha

Annotations:
D:2 Sigmund


Innate Abilities, Weirdness & Mutations

You are immune to sickness and miasma.
Your stone body is resilient. (AC +3)
You are immune to poison.
You resist negative energy. (rN+)
You are resistant to electric shocks. (rElec)
You are resistant to unholy torment.
You are immune to petrification.


Message History

You are confused.
You bump into the rock wall.
You bump into the rock wall.
Sigmund screams, "You will never...
NEVER!!!"
Sigmund hits you with a +0 scythe.
You bump into the rock wall.
You feel less confused.
You closely miss Sigmund.
Sigmund is lightly wounded.
You hit Sigmund but do no damage.
Sigmund is lightly wounded.
Sigmund casts a spell at you. You resist with significant effort.
You barely miss Sigmund.
Sigmund is lightly wounded.
Sigmund hits you with a +0 scythe.
* * * LOW HITPOINT WARNING * * *
You hit Sigmund but do no damage.
Sigmund is lightly wounded.
You barely miss Sigmund.
Sigmund is lightly wounded.
You hit Sigmund.
Sigmund is moderately wounded.
Sigmund hits you with a +0 scythe.
* * * LOW HITPOINT WARNING * * *
You hit Sigmund.
Sigmund is moderately wounded.
You closely miss Sigmund.
Sigmund is moderately wounded.
You barely miss Sigmund.
Sigmund is moderately wounded.
You sock Sigmund!
Sigmund is severely wounded.
You closely miss Sigmund.
Sigmund is severely wounded.
You sock Sigmund!
Sigmund is almost dead.
Sigmund gestures at you while chanting. The magic dart hits you!
You die...

#........# #.#######
#........# ...@...$#
#........# #.#
####.##### #.# ###.###
#.# #.....# #.#
#.#.#.# #@# #.#.#.#
###@# #.#.. #
##.#.######.###.
####..........†# ..
+..............(.....
####......._.........#
##.###.....#....(# #.
#..........## #.
#.###.......# ## >##
##.....##


You could see Sigmund.

Vanquished Creatures
  A dart slug (D:1)
  2 endoplasms (D:1)
  2 giant cockroaches (D:1)
  2 hobgoblins (D:1)
  5 quokkas (D:1)
  6 ball pythons
  2 bats (D:1)
  2 frilled lizards (D:1)
  5 goblins (D:1)
  2 kobolds (D:1)
  2 rats (D:1)
31 creatures vanquished.

Vanquished Creatures (others)
  2 fungi (D:2)
  4 plants (D:2)
6 creatures vanquished.

Grand Total: 37 creatures vanquished

Notes
Turn   | Place    | Note
-------+----------+-------------------------------------------
     0 | D:1      | Lathuz the Gargoyle Fighter began the quest for the Orb.
     0 | D:1      | Reached XP level 1. HP: 14/14 MP: 1/1
   426 | D:1      | Reached XP level 2. HP: 11/19 MP: 2/2
  1047 | D:1      | Reached XP level 3. HP: 23/23 MP: 3/3
  1572 | D:2      | Found an ancient bone altar of Kikubaaqudgha.
  1596 | D:2      | Noticed Sigmund
  1632 | D:2      | Killed from afar by Sigmund

Illustrated notes

Levels and vault maps discovered:
D:1:      roderic_octagonal_star, layout_basic, serial_rivers,
          chequers_serial_rivers_micro_a, chequers_serial_rivers_small_b,
          chequers_serial_rivers_room_a, chequers_serial_rivers_micro_e,
          minmay_unequal
D:2:      minmay_razor_zed, layout_loops_corners, basic_altar,
          shapermc_ecumenical_altar_mp_urbaneastern, uniq_sigmund

Action                   || total
-------------------------++-------
Melee: Flail             ||   108
Throw: Stone             ||    45
Armor: Scale mail        ||    69
Dodge: Dodged            ||    60
Block: Buckler           ||    28
